[Event "fics rated crazyhouse match"]
[Site "fics, Oklahoma City, OK USA"]
[Date "2001.01.21"]
[White "venomous"]
[WhiteElo "2434"]
[Black "LINDEGREN"]
[BlackElo "2321"]
[TimeControl "60+0"]
[Result "1-0"]

1. e4 Nf6 2. Nc3 Nc6 3. Nf3 d5 4. exd5 Nxd5 5. Bc4 e6 6. d4 
Bb4 7. Bd2 Qe7 8. O-O Bxc3 9. bxc3 N@e4 10. Bxd5 exd5 11. P@d3 P@h3 
12. gxh3 Bxh3 13. N@f4 Bxf1 14. Qxf1 P@g4 15. dxe4 gxf3 16. Nxd5 N@e2+ 17. Qxe2 
fxe2 18. B@g2 R@g6 19. B@g3 Rxg3 20. hxg3 Qd6 21. P@e5 Qg6 22. Nxc7+ Kd8 
23. Nxa8 Q@d1+ 24. R@e1 Qxa1 25. P@c7+ Kd7 26. N@c5+ Ke7 27. P@d6+ Kf8 28. c8=Q+ 
R@d8 29. N@d7# 
{LINDEGREN resigns} 1-0

[Event "fics rated crazyhouse match"]
[Site "fics, Oklahoma City, OK USA"]
[Date "2001.01.21"]
[White "LINDEGREN"]
[WhiteElo "2316"]
[Black "venomous"]
[BlackElo "2439"]
[TimeControl "60+0"]
[Result "1-0"]

1. e4 Nf6 2. Nc3 d5 3. exd5 Nxd5 4. d4 Nc6 5. Nf3 e6 6. Bb5 
Bd7 7. O-O Nxc3 8. bxc3 Bd6 9. Bd2 P@g4 10. Ng5 e5 11. f3 gxf3 
12. Qxf3 O-O 13. Nxh7 exd4 14. Nxf8 Qxf8 15. P@h7+ Kxh7 16. Qh5+ P@h6 17. N@g5+ 
Kh8 18. Nxf7+ Qxf7 19. Rxf7 P@h7 20. Rxg7 
{venomous resigns} 1-0

[Event "fics rated crazyhouse match"]
[Site "fics, Oklahoma City, OK USA"]
[Date "2001.01.21"]
[White "venomous"]
[WhiteElo "2428"]
[Black "LINDEGREN"]
[BlackElo "2327"]
[TimeControl "60+0"]
[Result "1-0"]

1. e4 Nf6 2. Nc3 Nc6 3. Nf3 d5 4. exd5 Nxd5 5. Bc4 e6 6. d4 
Bb4 7. Bxd5 Qe7 8. Bxc6+ bxc6 9. Bd2 B@a5 10. O-O Bxc3 11. bxc3 N@e4 
12. B@e1 P@g4 13. Ne5 Bxc3 14. Bxc3 Nxc3 15. Bxc3 P@f3 16. Nxf3 gxf3 17. Qxf3 
B@d5 18. Qe3 N@f5 19. Qh3 h5 20. B@c5 Qg5 21. P@g3 Qg4 22. Qxg4 hxg4 
23. P@e7 Nxe7 24. Bxe7 Kxe7 25. Rfe1 Bxg2 26. N@f5+ Kf6 27. d5+ Kg6 28. N@e7+ 
Kh7 29. N@g5# 
{LINDEGREN checkmated} 1-0

[Event "fics rated crazyhouse match"]
[Site "fics, Oklahoma City, OK USA"]
[Date "2001.01.21"]
[White "LINDEGREN"]
[WhiteElo "2321"]
[Black "venomous"]
[BlackElo "2434"]
[TimeControl "60+0"]
[Result "0-1"]

1. e4 e6 2. Nc3 Nc6 3. d4 Nf6 4. e5 Nd5 5. Nxd5 exd5 6. Nf3 
d6 7. Bb5 Bg4 8. h3 Bxf3 9. Qxf3 dxe5 10. B@g4 N@f6 11. dxe5 Nxg4 
12. Qxg4 B@d7 13. P@f5 h5 14. Qe2 Bxf5 15. Bxc6+ bxc6 16. N@d4 B@d7 17. Nxf5 
Bxf5 18. N@d4 P@e6 19. Nxf5 exf5 20. e6 Bb4+ 21. B@c3 Bxc3+ 22. bxc3 O-O 
23. exf7+ Rxf7 24. B@e6 B@g6 25. N@e5 P@h7 26. Nxg6 hxg6 27. Bxf7+ Kh8 28. P@h6 
Qf6 29. hxg7+ Qxg7 30. P@h6 Qxf7 31. B@g7+ Kh7 32. R@e7 Qxe7 33. Qxe7 R@e8 
34. Bf6+ Rxe7+ 35. Bxe7 Q@e6+ 36. Be3 Qxe7 37. R@g7+ Qxg7 38. hxg7 N@f3+ 39. gxf3 
N@g2+ 40. Ke2 N@f4+ 41. Bxf4 Nxf4+ 42. Kd2 N@c4+ 43. Ke1 P@d2+ 44. Kf1 P@g2+ 
45. Kg1 R@e1+ 46. Kh2 Rxh1+ 47. Kg3 R@g5+ 48. B@g4 B@h2+ 49. Kh4 Rxg4+ 50. fxg4 
B@f6# 
{LINDEGREN forfeits on time} 0-1

[Event "fics rated crazyhouse match"]
[Site "fics, Oklahoma City, OK USA"]
[Date "2001.01.21"]
[White "venomous"]
[WhiteElo "2439"]
[Black "LINDEGREN"]
[BlackElo "2316"]
[TimeControl "60+0"]
[Result "1-0"]

1. e4 Nf6 2. Nc3 Nc6 3. Nf3 d5 4. exd5 Nxd5 5. Bc4 e6 6. d4 
Bb4 7. Bd2 Bxc3 8. bxc3 Qe7 9. O-O N@f4 10. Bxd5 Nxd5 11. P@e4 Nb6 
12. Re1 B@h5 13. B@c5 P@d6 14. Bxb6 axb6 15. N@f4 Bxf3 16. Qxf3 N@g5 17. Qg3 
h5 18. Nxh5 Rxh5 19. B@g4 B@h4 20. Bxh5 Bxg3 21. fxg3 N@h3+ 22. gxh3 Nxh3+ 
23. Kh1 P@g2+ 24. Kxg2 Q@f2+ 25. Kxh3 e5+ 26. P@g4 Qxd2 27. R@h8+ B@f8 28. P@g6 
fxg6 29. Bxg6+ P@f7 30. Bh5 g6 31. N@g7+ Kd8 32. P@f6 Qe8 33. Nxe8 gxh5 
34. B@e7+ Nxe7 35. fxe7+ Kxe7 36. Q@f6+ Kd7 37. Qxf7+ P@e7 38. Nf6+ Kc6 39. Qd5# 
{LINDEGREN checkmated} 1-0

[Event "fics rated crazyhouse match"]
[Site "fics, Oklahoma City, OK USA"]
[Date "2001.01.21"]
[White "LINDEGREN"]
[WhiteElo "2311"]
[Black "venomous"]
[BlackElo "2444"]
[TimeControl "60+0"]
[Result "1-0"]

1. e4 Nf6 2. Nc3 d5 3. exd5 Nxd5 4. d4 Nc6 5. Nf3 e6 6. Bd3 
Bd7 7. O-O Nxc3 8. bxc3 N@d5 9. Bd2 P@b4 10. c4 Nb6 11. N@e5 Nxe5 
12. Nxe5 N@c6 13. Nxf7 Kxf7 14. N@g5+ Qxg5 15. Bxg5 Nxd4 16. Bxh7 Rxh7 17. Qxd4 
N@e2+ 18. Kh1 B@f5 19. N@e5+ Kg8 20. P@f7# 
{venomous resigns} 1-0

[Event "fics rated crazyhouse match"]
[Site "fics, Oklahoma City, OK USA"]
[Date "2001.01.21"]
[White "venomous"]
[WhiteElo "2433"]
[Black "LINDEGREN"]
[BlackElo "2322"]
[TimeControl "60+0"]
[Result "0-1"]

1. e4 Nf6 2. Nc3 Nc6 3. Nf3 d5 4. exd5 Nxd5 5. Bc4 e6 6. d4 
Bb4 7. Bd2 Bxc3 8. bxc3 Qe7 9. O-O N@e4 10. Bxd5 exd5 11. P@d3 P@h3 
12. gxh3 Bxh3 13. Re1 B@g4 14. N@f4 Bxf3 15. Qxf3 P@g4 16. Qe3 N@f3+ 17. Qxf3 
gxf3 18. dxe4 Qg5+ 19. B@g3 Qxf4 20. exd5+ N@e2+ 21. Rxe2+ fxe2 22. P@d7+ Kf8 
23. B@c5+ Kg8 24. P@g2 Bxg2 
{venomous resigns} 0-1

[Event "fics rated crazyhouse match"]
[Site "fics, Oklahoma City, OK USA"]
[Date "2001.01.21"]
[White "LINDEGREN"]
[WhiteElo "2332"]
[Black "venomous"]
[BlackElo "2423"]
[TimeControl "60+0"]
[Result "1-0"]

1. e4 Nf6 2. Nc3 d5 3. exd5 Nxd5 4. d4 Nc6 5. Nf3 e6 6. Bd3 
Bd7 7. O-O Nxc3 8. bxc3 Bd6 9. P@e5 Be7 10. N@h5 Bf8 11. Bg5 P@e7 
12. c4 Rb8 13. d5 Nb4 14. d6 cxd6 15. exd6 Nxd3 16. cxd3 P@f6 17. P@c7 
exd6 18. cxd8=Q+ Kxd8 19. Nxf6 gxf6 20. Bxf6+ P@e7 21. Bxh8 B@b6 22. R@g8 
{venomous resigns} 1-0

[Event "fics rated crazyhouse match"]
[Site "fics, Oklahoma City, OK USA"]
[Date "2001.01.21"]
[White "venomous"]
[WhiteElo "2413"]
[Black "LINDEGREN"]
[BlackElo "2342"]
[TimeControl "60+0"]
[Result "1-0"]

1. e4 Nf6 2. Nc3 Nc6 3. Nf3 d5 4. exd5 Nxd5 5. Nxd5 Qxd5 6. d4 
e6 7. Bd3 Bb4+ 8. c3 Be7 9. P@e4 Qd8 10. O-O P@g4 11. Ne5 Nxe5 
12. dxe5 h5 13. f3 gxf3 14. Qxf3 P@f5 15. exf5 N@h4 16. Qg3 exf5 17. Qxg7 
Rf8 18. N@h7 Bc5+ 19. Kh1 N@g4 20. N@f6+ Nxf6 21. Nxf6+ Qxf6 22. Qxf6 N@d5 
23. N@g7# 
{LINDEGREN forfeits on time} 1-0

[Event "fics rated crazyhouse match"]
[Site "fics, Oklahoma City, OK USA"]
[Date "2001.01.21"]
[White "LINDEGREN"]
[WhiteElo "2336"]
[Black "venomous"]
[BlackElo "2419"]
[TimeControl "60+0"]
[Result "1-0"]

1. e4 e6 2. Nc3 d5 3. d4 dxe4 4. Nxe4 Nf6 5. Ng5 Nc6 6. N1f3 
P@h6 7. Nxf7 Kxf7 8. Bb5 Bd6 9. Bxc6 bxc6 10. P@e5 Bb4+ 11. P@c3 Ba6 
12. cxb4 B@e2 13. exf6 Bxd1 14. N@e5+ Kxf6 15. B@g5+ hxg5 16. Bxg5+ Kf5 17. N@g3# 
{venomous checkmated} 1-0

[Event "fics rated crazyhouse match"]
[Site "fics, Oklahoma City, OK USA"]
[Date "2001.01.21"]
[White "venomous"]
[WhiteElo "2409"]
[Black "LINDEGREN"]
[BlackElo "2346"]
[TimeControl "60+0"]
[Result "1-0"]

1. e4 Nf6 2. Nc3 Nc6 3. Nf3 d5 4. exd5 Nxd5 5. Bc4 e6 6. d4 
Bb4 7. Bd2 Qe7 8. P@e4 Bxc3 9. bxc3 Nb6 10. Bb5 P@g4 11. Ne5 Bd7 
12. Nxd7 Nxd7 13. Bxc6 bxc6 14. B@b7 O-O 15. Bxc6 B@h5 16. Bxd7 N@h4 17. B@f1 
N@f3+ 18. gxf3 Nxf3+ 19. Qxf3 gxf3 20. Rg1 P@e2 21. Bh3 Bg6 22. Bc6 Rab8 
23. P@b3 e5 24. d5 Qc5 25. N@d7 Qa3 26. Nxf8 Qb2 27. R@c1 Q@a3 28. N@e7+ 
Kh8 29. Nfxg6+ hxg6 30. Nxg6+ fxg6 31. N@f7+ Kg8 32. P@h7+ Kxf7 33. Be6+ Ke7 
34. Bg5+ N@f6 35. Bxf6+ gxf6 36. N@g8+ Kd6 37. B@e7# 
{LINDEGREN checkmated} 1-0

[Event "fics rated crazyhouse match"]
[Site "fics, Oklahoma City, OK USA"]
[Date "2001.01.21"]
[White "LINDEGREN"]
[WhiteElo "2339"]
[Black "venomous"]
[BlackElo "2416"]
[TimeControl "60+0"]
[Result "0-1"]

1. e4 Nf6 2. Nc3 d5 3. exd5 Nxd5 4. d4 Nc6 5. Nf3 e6 6. Bd3 
Bd7 7. O-O Nxc3 8. bxc3 N@d5 9. Bd2 P@g4 10. Ng5 Nxc3 11. Nxf7 Nxd1 
12. Nxd8 P@f3 13. Bg5 Nxd8 14. Bxd8 N@h3# 
{LINDEGREN resigns} 0-1

[Event "fics rated crazyhouse match"]
[Site "fics, Oklahoma City, OK USA"]
[Date "2001.01.21"]
[White "venomous"]
[WhiteElo "2422"]
[Black "LINDEGREN"]
[BlackElo "2333"]
[TimeControl "60+0"]
[Result "1-0"]

1. e4 Nf6 2. Nc3 Nc6 3. Nf3 d5 4. exd5 Nxd5 5. Bc4 e6 6. d4 
Bb4 7. Bd2 Bxc3 8. bxc3 Qe7 9. P@e4 Nb6 10. Bb5 P@g4 11. Ne5 Bd7 
12. Nxd7 Nxd7 13. Bxc6 bxc6 14. B@b7 O-O 15. Bxc6 B@h5 16. N@f4 N@h4 17. Rg1 
N@f3+ 18. gxf3 Nxf3+ 19. Qxf3 gxf3 20. Bxd7 P@g2 21. B@d3 Qxd7 22. Nxh5 B@g6 
23. N@f6+ gxf6 24. Nxf6+ Kh8 25. P@g7+ Kxg7 26. Nxd7 
{LINDEGREN resigns} 1-0

[Event "fics rated crazyhouse match"]
[Site "fics, Oklahoma City, OK USA"]
[Date "2001.01.21"]
[White "LINDEGREN"]
[WhiteElo "2327"]
[Black "venomous"]
[BlackElo "2428"]
[TimeControl "60+0"]
[Result "0-1"]

1. e4 Nf6 2. Nc3 d5 3. d4 Nxe4 4. Bb5+ c6 5. Be2 Nxc3 6. bxc3 
N@h4 7. Bf1 Bf5 8. Nf3 Nxf3+ 9. gxf3 e6 10. Rg1 P@d6 11. N@g3 Bg6 
12. Bd3 Nd7 13. N@g4 N@f5 14. Nxf5 exf5 15. Ne3 f4 16. Nf5 Bxf5 17. Bxf5 
Qe7+ 18. B@e2 N@h4 19. Bxf4 N@g2+ 20. Kf1 Nxf4 21. Bxd7+ Qxd7 22. P@g2 Nhxg2 
23. Rxg2 B@h3 24. N@e3 B@h1 25. N@e1 B3xg2+ 26. N1xg2 Bxg2+ 27. Nxg2 Nxg2 28. B@h1 
N@e3+ 29. fxe3 Nxe3+ 30. Kf2 Nxd1# 
{LINDEGREN resigns} 0-1

[Event "fics rated crazyhouse match"]
[Site "fics, Oklahoma City, OK USA"]
[Date "2000.01.22"]
[White "fisherman"]
[WhiteElo "2210"]
[Black "stinker"]
[BlackElo "2246"]
[TimeControl "60+0"]
[Result "0-1"]

1. e4 Nf6 2. Nc3 e5 3. Nf3 Nc6 4. Bc4 Bc5 5. d3 d6 6. Qe2 
h6 7. Be3 Bb6 8. Nd5 O-O 9. c3 Be6 10. h3 Bxd5 11. exd5 Ne7 
12. Rg1 Bxe3 13. fxe3 B@g3+ 14. B@f2 Bxf2+ 15. Qxf2 Nexd5 16. Bxd5 Nxd5 17. B@e4 
B@e6 18. N@h5 B@g5 19. Nxg5 Qxg5 20. B@f4 Qxh5 21. Bxd5 Bxd5 22. N@e7+ Kh8 
23. Nxd5 exf4 24. exf4 P@g3 25. Qd2 B@f2+ 26. Kf1 N@h2# 
{fisherman checkmated} 0-1

[Event "fics rated crazyhouse match"]
[Site "fics, Oklahoma City, OK USA"]
[Date "2000.01.22"]
[White "Ephemera"]
[WhiteElo "2174"]
[Black "LINDEGREN"]
[BlackElo "2297"]
[TimeControl "120+0"]
[Result "1-0"]

1. e4 Nf6 2. Nc3 e6 3. d4 d5 4. e5 Ne4 5. Nxe4 dxe4 6. N@g5 
Nc6 7. Nxe4 Qxd4 8. Qxd4 Nxd4 9. Bd3 P@d5 10. Nf6+ gxf6 11. exf6 N@h4 
12. P@g7 Nxg2+ 13. Kf1 Bxg7 14. Q@e7# 
{LINDEGREN checkmated} 1-0

[Event "fics rated crazyhouse match"]
[Site "fics, Oklahoma City, OK USA"]
[Date "2000.01.22"]
[White "Igy"]
[WhiteElo "2268"]
[Black "Firefly"]
[BlackElo "2536"]
[TimeControl "120+0"]
[Result "1-0"]

1. e4 e6 2. Nc3 Nc6 3. Nf3 Nf6 4. Bb5 Bb4 5. e5 Ng4 6. Bxc6 
dxc6 7. O-O Bxc3 8. bxc3 B@e4 9. d4 Bxf3 10. Qxf3 h5 11. B@g5 Qd7 
12. N@c5 N@g8 13. Nxd7 Bxd7 14. Ba3 N@g6 15. B@d3 N@f5 16. Bxf5 exf5 17. N@h4 
B@f8 18. Nxg6 Bxa3 19. Nxh8 B@e4 20. Qh3 Be6 21. Qxh5 Ne7 22. P@f6 gxf6 
23. N@g7+ Kd7 24. exf6 Nd5 25. Nxe6 fxe6 26. Qf7+ P@e7 27. fxe7 Kd6 28. e8=Q 
Rxe8 29. Bf4+ e5 30. B@c5+ Bxc5 31. R@g6# 
{Firefly forfeits on time} 1-0

[Event "fics rated crazyhouse match"]
[Site "fics, Oklahoma City, OK USA"]
[Date "2000.01.22"]
[White "Firefly"]
[WhiteElo "2523"]
[Black "Igy"]
[BlackElo "2281"]
[TimeControl "120+0"]
[Result "1-0"]

1. e4 e6 2. Nc3 Nc6 3. d4 Bb4 4. a3 Ba5 5. b4 Bb6 6. Be3 
Nf6 7. Bd3 d5 8. e5 Ne4 9. Bxe4 dxe4 10. Nxe4 Nxd4 11. N@f6+ gxf6 
12. Nxf6+ Ke7 13. Bxd4 Bxd4 14. P@d6+ cxd6 15. Qxd4 B@c7 16. P@g7 N@b5 17. gxh8=Q 
Qxh8 18. N@g8+ Kf8 19. B@h6# 
{Igy resigns} 1-0

[Event "fics rated crazyhouse match"]
[Site "fics, Oklahoma City, OK USA"]
[Date "2000.01.22"]
[White "Igy"]
[WhiteElo "2278"]
[Black "Firefly"]
[BlackElo "2526"]
[TimeControl "120+0"]
[Result "0-1"]

1. e4 e6 2. d4 Nc6 3. Nf3 Nf6 4. e5 Ne4 5. Bd3 Nxf2 6. Kxf2 
Nxd4 7. Nxd4 Qh4+ 8. g3 Qxd4+ 9. Be3 N@g4+ 10. Qxg4 Qxg4 11. Be2 Qf5+ 
12. N@f3 P@g4 13. N@h4 gxf3 14. Bxf3 N@g4+ 15. Ke2 Qxc2+ 16. Nd2 Q@d3+ 17. Ke1 
Qxe3# 
{Igy resigns} 0-1

[Event "fics rated crazyhouse match"]
[Site "fics, Oklahoma City, OK USA"]
[Date "2000.01.22"]
[White "Firefly"]
[WhiteElo "2529"]
[Black "Igy"]
[BlackElo "2275"]
[TimeControl "120+0"]
[Result "1-0"]

1. e4 e6 2. Nc3 d5 3. exd5 exd5 4. Nf3 Nf6 5. Bb5+ c6 6. Qe2+ 
P@e4 7. P@g5 Bg4 8. gxf6 gxf6 9. Nxd5 Bd6 10. Qxe4+ Be6 11. N@g7+ Kd7 
12. P@f5 Bxd5 13. Qxd5 Qe7+ 14. P@e6+ Kc7 15. Qe4 cxb5 16. Nd4 P@c6 17. d3 
Na6 18. B@f3 Nc5 19. Qe2 Rhg8 20. exf7 Qxe2+ 21. Bxe2 Rxg7 22. Ne6+ Nxe6 
23. fxe6 N@e5 24. N@e8+ Kb6 25. Nxd6 B@d5 26. Be3+ Kc7 27. Ne8# 
{Igy resigns} 1-0

[Event "fics rated crazyhouse match"]
[Site "fics, Oklahoma City, OK USA"]
[Date "2000.01.22"]
[White "Igy"]
[WhiteElo "2272"]
[Black "Firefly"]
[BlackElo "2532"]
[TimeControl "120+0"]
[Result "0-1"]

1. e4 e6 2. d4 Nc6 3. Nc3 d5 4. e5 Nge7 5. Bg5 h6 6. Bh4 
g5 7. Bg3 Nf5 8. Bb5 Be7 9. Bxc6+ bxc6 10. Nh3 Ba6 11. N@h5 Qb8 
12. Rb1 Qb4 13. a3 Qc4 14. Qd2 B@g6 15. Nf6+ Bxf6 16. exf6 Nxd4 17. Bxc7 
N@f3+ 18. gxf3 Nxf3+ 19. Kd1 Nxd2 20. N@d6+ Kd7 21. Nxc4 Bxc2+ 22. Kxc2 P@d3+ 
23. Kxd3 Bxc4+ 24. Kxd2 Q@d3+ 25. Kc1 N@b3# 
{Igy checkmated} 0-1

[Event "fics rated crazyhouse match"]
[Site "fics, Oklahoma City, OK USA"]
[Date "2000.01.22"]
[White "Firefly"]
[WhiteElo "2535"]
[Black "Igy"]
[BlackElo "2269"]
[TimeControl "120+0"]
[Result "1-0"]

1. e4 Nc6 2. d4 Nf6 3. e5 Ne4 4. f3 Nxd4 5. fxe4 Nc6 6. Bf4 
e6 7. Nf3 Bc5 8. N@d3 Bb6 9. Nc3 d6 10. exd6 cxd6 11. P@d5 exd5 
12. exd5 Ne7 13. Qe2 P@d4 14. Ne4 P@e5 15. Bg5 Bg4 16. P@h6 Ba5+ 17. Kd1 
Bxf3 18. hxg7 Bxe2+ 19. Bxe2 Kd7 20. gxh8=Q Qxh8 21. B@a4+ P@c6 22. dxc6+ bxc6 
23. P@b5 cxb5 24. Bxb5+ P@c6 25. Bxc6+ Nxc6 26. P@d5 Nb4 27. Nxb4 Bxb4 28. P@c6+ 
Kc7 29. R@b7+ Kc8 30. P@d7# 
{Igy checkmated} 1-0

[Event "fics rated crazyhouse match"]
[Site "fics, Oklahoma City, OK USA"]
[Date "2000.01.22"]
[White "Igy"]
[WhiteElo "2266"]
[Black "Firefly"]
[BlackElo "2538"]
[TimeControl "120+0"]
[Result "0-1"]

1. e4 e6 2. Nc3 Nf6 3. Nf3 Nc6 4. Bb5 d6 5. d4 Bd7 6. O-O 
Be7 7. Bxc6 Bxc6 8. d5 Bd7 9. dxe6 Bxe6 10. P@f5 Bd7 11. Ng5 O-O 
12. Nxf7 Rxf7 13. P@e6 Bxe6 14. fxe6 Rf8 15. Nd5 Nxe4 16. B@f7+ Kh8 17. N@d7 
B@c6 18. Nxf8 Qxf8 19. R@g8+ Qxg8 20. Bxg8 Rxg8 21. Nxe7 N@h3+ 22. gxh3 R@h1+ 
23. Kg2 Ng5+ 24. Nxc6 N@h4+ 25. Kg3 Rxf1 26. Bxg5 Nf5+ 27. Kf3 B@h1+ 28. Ke2 
P@f3+ 29. Kd2 Rxd1+ 30. Rxd1 Q@e2+ 31. Kc1 Qxd1+ 32. Kxd1 P@e2+ 33. Kd2 R@d1+ 
34. Kc3 e1=Q+ 35. B@d2 P@b4+ 36. Kb3 Qxe6# 
{Igy forfeits on time} 0-1

[Event "fics rated crazyhouse match"]
[Site "fics, Oklahoma City, OK USA"]
[Date "2000.01.22"]
[White "Firefly"]
[WhiteElo "2541"]
[Black "Igy"]
[BlackElo "2263"]
[TimeControl "120+0"]
[Result "1-0"]

1. e4 Nc6 2. Nc3 Nf6 3. Nf3 d6 4. d4 e6 5. Bb5 Bd7 6. d5 
exd5 7. exd5 Ne5 8. Nxe5 dxe5 9. P@e6 fxe6 10. dxe6 Bxb5 11. Qxd8+ Kxd8 
12. Nxb5 Bb4+ 13. B@c3 Bxc3+ 14. bxc3 P@d3 15. P@e7+ Kc8 16. B@d7+ Kb8 17. Q@d8+ 
Q@c8 18. Bxc8 Rxd8 19. N@c6# 
{Igy resigns} 1-0

[Event "fics rated crazyhouse match"]
[Site "fics, Oklahoma City, OK USA"]
[Date "2000.01.22"]
[White "Igy"]
[WhiteElo "2260"]
[Black "Firefly"]
[BlackElo "2544"]
[TimeControl "120+0"]
[Result "0-1"]

1. e4 e6 2. Nf3 Nc6 3. d4 Nf6 4. Nc3 Bb4 5. Bd3 d5 6. exd5 
exd5 7. P@e5 Ne4 8. O-O Bxc3 9. bxc3 Nxc3 10. Qe1 P@e4 11. B@h4 exf3 
12. Bxd8 fxg2 13. Kxg2 P@h3+ 14. Kf3 P@e4+ 15. Ke3 N@g2+ 16. Kd2 N@b1+ 17. Rxb1 
Nxb1+ 18. Ke2 Nxe1 19. Kxe1 exd3 20. cxd3 B@b4+ 21. P@d2 Bg4 22. f3 R@g2 
23. P@e2 Q@c2 24. Q@d1 Qxd1+ 25. Kxd1 Rxd8 26. fxg4 B@a4+ 27. B@b3 Bxb3+ 28. axb3 
B@c2+ 29. Kxc2 Q@a2# 
{Igy forfeits on time} 0-1

[Event "fics rated crazyhouse match"]
[Site "fics, Oklahoma City, OK USA"]
[Date "2000.01.22"]
[White "Igy"]
[WhiteElo "2257"]
[Black "Ephemera"]
[BlackElo "2190"]
[TimeControl "60+0"]
[Result "1-0"]

1. e4 e5 2. Nc3 Bc5 3. Nf3 d6 4. Bc4 Nf6 5. O-O Bg4 6. h3 
Bxf3 7. Qxf3 Nc6 8. Nd5 Nd4 9. Nxf6+ gxf6 10. Bxf7+ Kxf7 11. Qh5+ B@g6 
12. N@h6+ Ke7 13. Qh4 N@f3+ 14. Kh1 Nxh4 15. d3 N@f3 16. B@g3 Nxg2 17. Ng4 
P@f4 18. Bcxf4 exf4 19. P@h2 fxg3 20. hxg3 Ngh4 21. P@g2 
{Ephemera forfeits on time} 1-0

[Event "fics rated crazyhouse match"]
[Site "fics, Oklahoma City, OK USA"]
[Date "2000.01.22"]
[White "Ephemera"]
[WhiteElo "2184"]
[Black "Igy"]
[BlackElo "2263"]
[TimeControl "60+0"]
[Result "1-0"]

1. e4 e6 2. d4 Nc6 3. Nc3 Nf6 4. Nf3 Bb4 5. d5 exd5 6. exd5 
Qe7+ 7. Be2 Ne5 8. O-O Bxc3 9. bxc3 Nxf3+ 10. Bxf3 P@e4 11. Re1 N@h4 
12. Bxe4 Nxe4 13. P@f3 Nxg2 14. Rxe4 P@e6 15. Kxg2 N@h4+ 16. Rxh4 Qxh4 17. P@h3 
exd5 18. N@g1 d6 19. B@g3 Qe7 20. Qxd5 B@c6 21. Qd3 P@e4 22. Qe3 exf3+ 
23. Nxf3 Qxe3 24. fxe3 Bxh3+ 25. Kxh3 Bxf3 26. B@b5+ P@c6 27. Bxc6+ bxc6 28. P@d7+ 
Kxd7 29. N@e5+ dxe5 30. Q@f5+ B@e6 31. Qxe6+ Kxe6 32. N@c5+ Ke7 33. B@d6# 
{Igy forfeits on time} 1-0

[Event "fics rated crazyhouse match"]
[Site "fics, Oklahoma City, OK USA"]
[Date "2000.01.22"]
[White "Igy"]
[WhiteElo "2253"]
[Black "Ephemera"]
[BlackElo "2194"]
[TimeControl "60+0"]
[Result "1-0"]

1. d3 d5 2. Nf3 e5 3. Nc3 d4 4. Ne4 Bb4+ 5. c3 dxc3 6. bxc3 
Bd6 7. Bg5 Nf6 8. Bxf6 gxf6 9. N@g7+ Kf8 10. P@h6 Rg8 11. Nh5 B@a5 
12. Nhxf6 Bxc3+ 13. Nxc3 Qxf6 14. B@g7+ Rxg7 15. hxg7+ Qxg7 16. Ne4 B@b4+ 17. P@d2 
P@e7 18. e3 f5 19. R@g3 P@g6 20. Neg5 e4 21. dxe4 Bxg3 22. hxg3 fxe4 
23. Nd4 R@h6 24. Nde6+ Kg8 25. Nxg7 Rxh1 26. B@f7+ Kxg7 27. Q@g8+ Kf6 28. Nxe4+ 
Ke5 29. Qg7# 
{Ephemera forfeits on time} 1-0

[Event "fics rated crazyhouse match"]
[Site "fics, Oklahoma City, OK USA"]
[Date "2000.01.22"]
[White "Ephemera"]
[WhiteElo "2187"]
[Black "Igy"]
[BlackElo "2260"]
[TimeControl "60+0"]
[Result "0-1"]

1. e4 e6 2. d4 Nc6 3. d5 exd5 4. exd5 Bb4+ 5. P@c3 Qe7+ 6. Be2 
Ne5 7. cxb4 Nf6 8. B@c3 d6 9. Bxe5 dxe5 10. Nf3 O-O 11. Nc3 e4 
12. Nd4 B@e5 13. Be3 Qxb4 14. Qd2 P@c5 15. Nb3 Bxc3 16. bxc3 Qa4 17. Nxc5 
Qe8 18. P@b2 P@e5 19. Nb3 Bf5 20. Bc5 Rd8 21. B@e7 Nxd5 22. Bxf8 Nf4 
23. Qe3 Nxg2+ 24. Kf1 Nxe3+ 25. fxe3 P@g2+ 26. Ke1 P@f3 
{Ephemera forfeits on time} 0-1

[Event "fics rated crazyhouse match"]
[Site "fics, Oklahoma City, OK USA"]
[Date "2000.01.22"]
[White "Igy"]
[WhiteElo "2266"]
[Black "Ephemera"]
[BlackElo "2181"]
[TimeControl "60+0"]
[Result "1-0"]

1. e4 e5 2. Nc3 Bc5 3. Nf3 Nc6 4. Bc4 Nf6 5. O-O O-O 6. d3 
d6 7. Ng5 Be6 8. Bxe6 fxe6 9. Nxe6 Qd7 10. Nxf8 Rxf8 11. P@f5 Kh8 
12. B@e6 Qe8 13. Bg5 B@h5 14. Qd2 N@d4 15. Bxf6 Rxf6 16. R@c8 Qxc8 17. Bxc8 
B@f4 18. N@e3 R@f8 19. Ncd5 Rh6 20. Bxb7 Bxh2+ 21. Kxh2 Bf3+ 22. P@h3 Bxg2 
23. Nxg2 Nf3+ 24. Kh1 Nxd2 25. B@g4 Nd4 26. B@g3 Ne2 27. Bxe2 Rxh3+ 28. N@h2 
P@f3 29. Bxf3 Nxf3 30. P@f7 Rxh2+ 31. Bxh2 Nxh2 32. R@g8+ Rxg8 33. fxg8=Q+ Kxg8 
34. Ne7+ Kf7 35. R@g8 
{Ephemera forfeits on time} 1-0

[Event "fics rated crazyhouse match"]
[Site "fics, Oklahoma City, OK USA"]
[Date "2000.01.22"]
[White "Ephemera"]
[WhiteElo "2175"]
[Black "Igy"]
[BlackElo "2272"]
[TimeControl "60+0"]
[Result "1-0"]

1. e4 e6 2. d4 Nc6 3. Nc3 Nf6 4. Nf3 Bb4 5. Bd3 d5 6. e5 
Ne4 7. Bd2 Nxd2 8. Qxd2 B@a5 9. O-O Nxd4 10. Nxd4 P@a3 11. N@h5 axb2 
12. Nxg7+ Kf8 13. Qh6 Bxc3 14. Ngxe6+ Ke7 15. Qf6+ Kd7 16. N@c5+ Ke8 17. Qxd8# 
{Igy checkmated} 1-0

[Event "fics rated crazyhouse match"]
[Site "fics, Oklahoma City, OK USA"]
[Date "2000.01.22"]
[White "Igy"]
[WhiteElo "2262"]
[Black "Ephemera"]
[BlackElo "2185"]
[TimeControl "60+0"]
[Result "0-1"]

1. e4 e5 2. Nf3 Nc6 3. Bc4 Bc5 4. O-O Nf6 5. c3 d6 6. d4 
exd4 7. cxd4 Bb6 8. e5 dxe5 9. Bxf7+ Kxf7 10. Ng5+ Kf8 11. dxe5 Qxd1 
12. Rxd1 Nxe5 13. P@d4 Bxd4 14. Rxd4 P@e2 15. B@b4+ B@d6 16. Bxd6+ cxd6 17. Q@d8+ 
B@e8 18. B@e7+ Kg8 19. P@f7+ Nxf7 20. Qxe8+ Nxe8 21. Rd1 exd1=Q+ 22. B@f1 R@e1 
{Igy forfeits on time} 0-1

[Event "fics rated crazyhouse match"]
[Site "fics, Oklahoma City, OK USA"]
[Date "2000.01.22"]
[White "Ephemera"]
[WhiteElo "2195"]
[Black "Igy"]
[BlackElo "2252"]
[TimeControl "60+0"]
[Result "0-1"]

1. e4 e6 2. d4 Nc6 3. Nc3 d5 4. Nf3 Bb4 5. e5 Nge7 6. Bd3 
Nf5 7. a3 Be7 8. Bxf5 exf5 9. O-O B@e4 10. Re1 Bxf3 11. Qxf3 Nxd4 
12. Qxd5 Qxd5 13. Nxd5 N@f3+ 14. gxf3 Nxf3+ 15. Kf1 Q@g1+ 16. Ke2 Qxe1+ 17. Kxf3 
Qe4+ 18. Kg3 Qg4# 
{Ephemera checkmated} 0-1

[Event "fics rated crazyhouse match"]
[Site "fics, Oklahoma City, OK USA"]
[Date "2000.01.22"]
[White "Igy"]
[WhiteElo "2259"]
[Black "Ephemera"]
[BlackElo "2188"]
[TimeControl "60+0"]
[Result "0-1"]

1. e4 e5 2. Nf3 Nc6 3. Bc4 Bc5 4. Nc3 Nf6 5. d3 d6 6. Bg5 
Bg4 7. Nd5 Nd4 8. Bxf6 gxf6 9. Ne3 Bxf3 10. gxf3 B@h5 11. B@e2 N@f4 
12. N@g3 Ndxe2 13. Nxh5 Nxh5 14. Qxe2 Nf4 15. Qd2 N@d4 16. N@h6 Nxf3+ 17. Kd1 
Nxd2 18. Bxf7+ Kd7 19. B@g4+ P@e6 20. Kxd2 Qe7 21. P@d5 Raf8 22. dxe6+ Kc8 
23. P@d7+ Kb8 24. Rhg1 Bxe3+ 25. fxe3 Ng6 26. N@a6+ bxa6 27. B@d5 c6 28. Be2 
Q@f2 29. Bxg6 Qxh2 30. Bxc6 Qxh6 31. N@c7 P@d4 
{Igy forfeits on time} 0-1

[Event "fics rated crazyhouse match"]
[Site "fics, Oklahoma City, OK USA"]
[Date "2000.01.22"]
[White "Ephemera"]
[WhiteElo "2198"]
[Black "Igy"]
[BlackElo "2249"]
[TimeControl "60+0"]
[Result "0-1"]

1. e4 e6 2. d4 d6 3. Nc3 Bd7 4. Nf3 Be7 5. Bd3 Nc6 6. O-O 
Nf6 7. d5 Ne5 8. Nxe5 dxe5 9. dxe6 Bxe6 10. P@f5 Bc8 11. N@g5 P@e6 
12. fxe6 Bxe6 13. Nxe6 fxe6 14. Bb5+ P@d7 15. P@f5 exf5 16. exf5 O-O 17. P@e6 
N@d4 18. B@f7+ Kh8 19. Be3 Nxf5 20. Qf3 dxe6 21. Qxb7 Rxf7 22. Rad1 Qf8 
23. Ne4 Nxe4 24. Qxe4 B@d5 25. Qxe5 Nh4 26. f4 Bxg2 27. N@g5 Bxg5 28. fxg5 
N@h3# 
{Ephemera checkmated} 0-1